 Dungeon Crawl Stone Soup version 0.29-a0-72-g1732ff48e7 (webtiles) character file.

Game seed: 4023160535862702112

2151 bande the Chopper (level 9, 0/55 HPs)
             Began as a Gargoyle Fighter on Feb 4, 2022.
             Slain by a two-headed ogre (18 damage)
             ... on level 7 of the Dungeon.
             The game lasted 00:11:05 (9296 turns).

bande the Chopper (Gargoyle Fighter)                Turns: 9296, Time: 00:11:06

Health: 0/55       AC: 21    Str: 20    XL:     9   Next: 31%
Magic:  9/9        EV:  6    Int:  9    God:
Gold:   253        SH:  5    Dex: 13    Spells: 8/8 levels left

rFire   . . .      SeeInvis .   t - +1 hand axe (flame)
rCold   . . .      Faith    .   c - +0 buckler
rNeg    + . .      Spirit   .   k - +0 plate armour
rPois   ∞          Reflect  .   (no helmet)
rElec   +          Harm     .   v - +1 cloak
rCorr   .          Rampage  .   (no gloves)
Will    .....                   (no boots)
Stlth   ..........              (no amulet)
HPRegen 0.18/turn               (no ring)
MPRegen 0.11/turn               (no ring)

@: no status effects
A: sickness immunity, AC +6, negative energy resistance 1, electricity
resistance, torment resistance 1, petrification resistance
a: no special abilities


You were on level 7 of the Dungeon.
You visited 2 branches of the dungeon, and saw 8 of its levels.

You collected 253 gold pieces.

Inventory:

Hand Weapons
 a - a +1 war axe
 n - a +0 war axe
 t - a +1 hand axe of flaming (weapon)
Armour
 c - a +0 buckler (worn)
 k - a +0 plate armour (worn)
 v - a +1 cloak (worn)
Jewellery
 q - a ring of flight
 r - a ring of ice
Wands
 l - a wand of flame (15)
 o - a wand of iceblast (7)
Scrolls
 m - a scroll of teleportation
 s - a scroll of enchant weapon
 u - a scroll of silence
Potions
 b - a potion of brilliance
 d - 2 potions of flight
 e - a potion of cancellation
 f - a potion of invisibility {unknown}
 g - a potion of ambrosia {unknown}
 h - a potion of mutation {unknown}
 i - 2 potions of heal wounds {unknown}
 j - 3 potions of lignification {unknown}
 p - 2 potions of attraction {unknown}
 w - a potion of resistance {unknown}
 x - a potion of curing {unknown}


   Skills:
 + Level 5.7 Fighting
 + Level 7.3 Axes
 + Level 6.9 Armour
 + Level 4.5 Shields
 * Level 4.4 Evocations


You had 8 spell levels left.
You didn't know any spells.
Your spell library contained the following spells:

 Spells                   Type           Power      Damage    Failure   Level
 Static Discharge         Conj/Air       0%         N/A       100%        2
 Lightning Bolt           Conj/Air       0%         1d11      100%        5
 Maxwell's Capacitive Co  Air            0%         ∞         100%        8


Dungeon Overview and Level Annotations

Branches:
Dungeon (7/15)             Temple (1/1) D:5

Altars:
Ashenzari
Cheibriados
Dithmenos
Elyvilon
Fedhas
Gozag
Hepliaklqana
Kikubaaqudgha
Makhleb
Nemelex Xobeh
Okawaru
Qazlal
Ru
Sif Muna
Trog
Uskayaw
Vehumet
Wu Jian
Xom
Yredelemnul
Zin
The Shining One

Shops:
D:4 =(


Innate Abilities, Weirdness & Mutations

You are immune to sickness and miasma.
Your stone body is resilient. (AC +6)
You are immune to poison.
You resist negative energy. (rN+)
You are resistant to electric shocks. (rElec)
You are resistant to unholy torment.
You are immune to petrification.


Message History

You start resting.
You start resting.
HP restored.
You start waiting.
Done waiting.
You can't go up here!
You climb downwards.
The two-headed ogre shouts in stereo!
There is a stone staircase leading up here.
You hit the two-headed ogre. You burn the two-headed ogre.
The two-headed ogre is lightly wounded.
The two-headed ogre completely misses you.
You block the two-headed ogre's attack.
You barely miss the two-headed ogre.
The two-headed ogre is lightly wounded.
You block the two-headed ogre's attack. x2
You barely miss the two-headed ogre.
The two-headed ogre is lightly wounded.
You barely miss the two-headed ogre.
The two-headed ogre is lightly wounded.
The two-headed ogre hits you with a +0 dire flail.
The two-headed ogre hits you with a +0 giant club!
You slash the two-headed ogre! You burn the two-headed ogre.
The two-headed ogre is moderately wounded.
The two-headed ogre hits you but does no damage.
The two-headed ogre hits you with a +0 giant club!
You hit the two-headed ogre but do no damage.
The two-headed ogre is moderately wounded.
You hit the two-headed ogre. You burn the two-headed ogre.
The two-headed ogre is moderately wounded.
The two-headed ogre completely misses you.
The two-headed ogre hits you with a +0 giant club.
You hit the two-headed ogre but do no damage.
The two-headed ogre is moderately wounded.
The two-headed ogre hits you with a +0 dire flail.
The two-headed ogre hits you with a +0 giant club.
You hit the two-headed ogre. You burn the two-headed ogre.
The two-headed ogre is moderately wounded.
The two-headed ogre hits you with a +0 dire flail!!
You die...

#......#.#...###
#........[.....#
#........#.. #
#.......#.#+#####. ##
#####...<.............
#........##.##....#
#....#............#
#...O.......##.....
#...@....#.###.....
#...<##..#..........
#...................
#.....#.##..###.....
#.....#.........##
#.....#####.###.#
#####.# #.#.#.#
#####.# ###.....#.#
#.....# #.........#


You could see a two-headed ogre.

Vanquished Creatures
  Maggie (D:6)
  Grinder (D:6)
  Sigmund (D:2)
  Edmund (D:5)
  A black bear (D:6)
  An ogre (D:4)
  A bullfrog (D:6)
  A wyvern zombie (D:6)
  2 water moccasin zombies (D:5)
  A scorpion (D:5)
  5 killer bees (D:6)
  A howler monkey (D:5)
  2 centaur zombies (D:6)
  3 hounds
  A jelly (D:5)
  A bullfrog skeleton (D:6)
  2 orc priests
  Crazy Yiuf (D:5)
  A centaur skeleton (D:7)
  Ijyb (D:4)
  3 iguanas
  2 orc wizards (D:5)
  A howler monkey skeleton (D:5)
  5 adders
  A white imp (D:5)
  2 ufetubi (D:5)
  An adder skeleton (D:4)
  A worm (D:3)
  2 dart slugs
  14 orcs
  7 ball pythons
  5 endoplasms
  6 hobgoblins
  7 jackals
  5 quokkas
  4 bats
  5 frilled lizards
  8 goblins
  4 kobolds
  6 rats
118 creatures vanquished.

Notes
Turn   | Place    | Note
-------+----------+-------------------------------------------
     0 | D:1      | bande the Gargoyle Fighter began the quest for the Orb.
     0 | D:1      | Reached XP level 1. HP: 14/14 MP: 1/1
   211 | D:1      | Reached skill level 2 in Axes
   211 | D:1      | Reached XP level 2. HP: 19/19 MP: 2/2
   531 | D:1      | Reached XP level 3. HP: 23/23 MP: 3/3
   749 | D:1      | Found a faded altar of an unknown god.
   909 | D:2      | Found a stormy altar of Qazlal.
  1259 | D:2      | Identified the +7 hunting sling of Welfare {venom, Int+7
                  | Dex+3}
  1672 | D:2      | Noticed Sigmund
  1686 | D:2      | Killed Sigmund
  1687 | D:2      | Reached skill level 3 in Axes
  1687 | D:2      | Reached skill level 1 in Evocations
  1687 | D:2      | Reached XP level 4. HP: 20/29 MP: 4/4
  1687 | D:2      | Reached XP level 5. HP: 23/33 MP: 5/5
  1912 | D:3      | Reached XP level 6. HP: 36/38 MP: 6/6
  2059 | D:3      | Found a blossoming altar of Fedhas.
  2876 | D:4      | Noticed Ijyb
  2885 | D:4      | Killed Ijyb
  2886 | D:4      | Reached skill level 4 in Axes
  3540 | D:4      | Found Syecvom's Antique Weapon Shop.
  3552 | D:4      | Reached XP level 7. HP: 10/44 MP: 7/7
  4130 | D:4      | Found Yczumm's One-of-a-Kind Rings.
  4345 | D:5      | Entered Level 5 of the Dungeon
  4557 | D:5      | Reached skill level 5 in Axes
  4609 | D:5      | Noticed Edmund
  4751 | D:5      | Killed Edmund
  4752 | D:5      | Reached skill level 5 in Armour
  5406 | D:5      | Found a staircase to the Ecumenical Temple.
  5506 | D:5      | Reached XP level 8. HP: 43/48 MP: 8/8
  5777 | D:5      | Identified the +2 helmet of Valour {Dex-2 Slay+2 Stlth+}
  5990 | D:5      | Identified the +12 mace "Zikayhips" {antimagic, rF+ Int+3}
  5992 | D:5      | Found a runed translucent door.
  5993 | D:5      | Noticed Crazy Yiuf
  6002 | D:5      | Killed Crazy Yiuf
  6324 | Temple   | Entered the Ecumenical Temple
  6600 | D:6      | Noticed Maggie
  6617 | D:6      | Killed Maggie
  6618 | D:6      | Reached skill level 5 in Fighting
  6618 | D:6      | Reached skill level 6 in Axes
  6898 | D:6      | Noticed Grinder
  6904 | D:6      | Paralysed by Grinder for 3 turns
  6924 | D:6      | Killed Grinder
  7521 | D:6      | Reached XP level 9. HP: 54/54 MP: 9/9
  7547 | D:6      | Reached skill level 7 in Axes
  9020 | D:7      | Noticed a two-headed ogre
  9296 | D:7      | Slain by a two-headed ogre

Illustrated notes

Levels and vault maps discovered:
D:1:      lightli_arrival_boilingwater, layout_loops_ring,
          hellmonk_ecumenical_altar_inner_sanctum, nrook_mini_backslash
D:2:      layout_basic, basic_altar, uniq_sigmund
D:3:      layout_basic, old_standard_altar, minmay_tree_intersection
D:4:      layout_basic, serial_shops, shop, minmay_misc_feat_five,
          nicolae_shop_unique_rings, kennysheep_cross_bottleneck,
          corexii_item_surrounded_by_moat, uniq_ijyb
D:5:      layout_gridville, temple_statues, uniq_edmund, uniq_crazy_yiuf_cottage
D:6:      layout_layer_cave, uniq_grinder, uniq_maggie
D:7:      layout_basic, uniq_harold
Temple:   mainiacjoe_temple_archimedes_tessellation

Skill      XL: |  1  2  3  4  5  6  7  8  9 |
---------------+----------------------------+-----
Axes           | 2 3 4 5 6 7 |  7.3
Fighting       | 4 5 |  5.7
Armour         | 4 5 6 |  6.9
Evocations     | 1 2 3 4 |  4.4
Shields        | 4 |  4.5

Action                   |  1- 3 |  4- 6 |  7- 9 || total
-------------------------+-------+-------+-------++-------
Melee: War axe           |   101 |    90 |   133 ||   324
       Hand axe          |       |       |   170 ||   170
  Use: Potion            |     1 |       |       ||     1
       Scroll            |       |     7 |     4 ||    11
Armor: Scale mail        |    48 |       |       ||    48
       Plate armour      |    16 |    78 |   312 ||   406
Dodge: Dodged            |    44 |    14 |   107 ||   165
Block: Buckler           |    22 |    14 |    83 ||   119

Table legend: (Time is in decaauts)
 A = Elapsed time spent in this place.
 B = Non-inter-level travel time spent in this place.
 C = Inter-level travel time spent in this place.
 D = Time resting spent in this place.
 E = Time spent auto-exploring this place.
 F = Levels seen in this place.
 G = Mean time per level.
                   A        B        C        D        E       F      G
               +--------+--------+--------+--------+--------+-----+--------+
         Total |   9411 |   9250 |    161 |   2448 |   5332 |   8 | 1176.4 |
       Dungeon |   9160 |   9028 |    132 |   2448 |   5132 |   7 | 1308.6 |
        Temple |    251 |    222 |     29 |      0 |    200 |   1 |  251.0 |
               +--------+--------+--------+--------+--------+-----+--------+

Top non-repeatable levels by time:
     D:6: 2613 daAuts
     D:5: 1880 daAuts
     D:4: 1754 daAuts
     D:2: 1011 daAuts
     D:1: 922 daAuts
     D:3: 894 daAuts
  Temple: 251 daAuts
     D:7: 83 daAuts
